 Dungeon Crawl Stone Soup version 0.31.0-4-g52a2dc7128 (webtiles) character file.

Game seed: 14508150929076579831

4689 Bobbunny the Fighter (level 10, -2/86 HPs)
             Began as a Formicid Fighter on Jan 21, 2024.
             Was a High Priest of Okawaru.
             Slain by a gnoll
             ... wielding a +0 halberd
              (10 damage)
             ... in a bailey.
             The game lasted 00:08:26 (6093 turns).

Bobbunny the Fighter (Formicid Fighter)             Turns: 6093, Time: 00:08:27

Health: -2/86      AC: 15    Str: 25    XL:     10   Next: 72%
Magic:  0/13       EV:  8    Int:  8    God:    Okawaru [*****.]
Gold:   194        SH:  5    Dex: 13    Spells: 9/9 levels left

rFire   . . .        a - +0 war axe
rCold   + . .        c - +0 buckler
rNeg    . . .        m - +1 chain mail {rC+}
rPois   .            (helmet unavailable)
rElec   .            (no cloak)
rCorr   .            g - +0 pair of gloves
SInv    +            (no boots)
Will    +....        d - amulet of guardian spirit Stlth
                     q - +4 ring of protection
HPRegen 0.34/turn    (no ring)
MPRegen 0.13/turn

%: guardian spirit
@: weakened
A: permanent stasis, dig shafts and tunnels, antennae 3, four strong arms
a: Dig, Renounce Religion, Heroism, Finesse, Duel


You were in a bailey.
You worshipped Okawaru.
Okawaru was extremely pleased with you.
You visited 2 branches of the dungeon, and saw 8 of its levels.
You also visited: Bailey.

You collected 368 gold pieces.
You spent 174 gold pieces at shops.

Inventory:

Hand Weapons
 a - a +0 war axe (weapon)
 E - the +1 spear of the Present {freeze, Dex+3}
   (You found it on level 7 of the Dungeon)

   Dex+3:     It affects your dexterity (+3).
 F - the +3 rapier "Jelly's Undoing" {flame, Will+}
   (You found it on level 7 of the Dungeon)

   Will+:     It increases your willpower.
Missiles
 f - 21 poisoned darts
 w - 2 boomerangs
 A - a curare-tipped dart
 B - 5 javelins
Armour
 c - a +0 buckler (worn)
 g - a +0 pair of gloves (worn)
 m - a +1 chain mail of cold resistance (worn)
Jewellery
 d - an amulet of guardian spirit (around neck)
 q - a +4 ring of protection (left hand)
Wands
 p - a wand of roots (11)
 y - a wand of mindburst (5)
Scrolls
 b - a scroll of fear {unknown}
 l - 8 scrolls of identify {unknown}
 n - a scroll of vulnerability {unknown}
 o - a scroll of teleportation {unknown}
 r - a scroll of blinking {unknown}
 s - 2 scrolls of enchant armour {unknown}
 t - a scroll of amnesia {unknown}
 x - 3 scrolls of fog {unknown}
 C - a scroll of silence {unknown}
 D - a scroll of summoning {unknown}
Potions
 e - a potion of enlightenment {unknown}
 h - 2 potions of invisibility {unknown}
 i - a potion of berserk rage {unknown}
 k - 4 potions of curing
 u - 2 potions of mutation {unknown}
 v - 2 potions of brilliance {unknown}
 z - a potion of resistance {unknown}


   Skills:
 + Level 10.4 Fighting
 + Level 9.3 Axes
 - Level 6.0 Throwing
 - Level 3.2 Armour
 - Level 3.0 Stealth
 - Level 4.0 Shields
 - Level 5.0 Invocations


You had 9 spell levels left.
You didn't know any spells.
Your spell library contained the following spells:

 Spells                   Type           Power      Damage    Failure   Level
 Sting                    Conj/Alch      0%         1d3       95%         1
 Mercury Vapours          Alch/Air       0%         N/A       99%         2
 Stone Arrow              Conj/Erth      0%         3d7       100%        3
 Olgreb's Toxic Radiance  Alch           0%         N/A       100%        4
 Borgnjor's Revivificati  Necr           0%         N/A       100%        8
 Lehudib's Crystal Spear  Conj/Erth      0%         10d2      100%        8
 Death's Door             Necr           0%         N/A       100%        9
 Summon Ice Beast         Ice/Summ       Unusable   N/A       N/A         3
 Animate Armour           Summ/Erth      Unusable   N/A       N/A         4
 Summon Mana Viper        Hex/Summ       Unusable   N/A       N/A         5
 Haunt                    Necr/Summ      Unusable   N/A       N/A         7
 Monstrous Menagerie      Summ           Unusable   N/A       N/A         7

Dungeon Overview and Level Annotations

Branches:
Dungeon (7/15)             Temple (1/1) D:4          Bailey (1/1)

Altars:
Ashenzari
Cheibriados
Dithmenos
Elyvilon
Fedhas
Gozag
Hepliaklqana
Kikubaaqudgha
Nemelex Xobeh
Okawaru
Qazlal
Ru
Sif Muna
Trog
Uskayaw
Vehumet
Wu Jian
Xom
Yredelemnul
Zin
The Shining One

Shops:
D:2 (   D:3 *   D:4 (


Innate Abilities, Weirdness & Mutations

You cannot be hasted, slowed, berserked, paralysed or teleported.
You can dig through walls and to a lower floor.
You have a pair of large antennae on your head. (SInv)
Your four strong arms can wield two-handed weapons with a shield.


Message History

The gnoll bouda gazes fiercely through you!
You feel your attacks grow feeble. The gnoll bouda closely misses you.
You hit the gnoll bouda but do no damage.
The gnoll bouda is lightly wounded.
You hit the gnoll bouda.
The gnoll bouda is no longer moving quickly.
The gnoll bouda barely misses you.
The gnoll hits you from afar with a +0 halberd!
* * * LOW HITPOINT WARNING * * *
The gnoll bouda hits you but does no damage.
You completely miss the gnoll bouda.
The gnoll bouda is lightly wounded.
You hit the gnoll bouda.
The gnoll bouda barks out a call to the hunt!
The gnoll bouda picks up the pace!
You block the gnoll's attack.
The gnoll bouda hits you with a +0 halberd.
* * * LOW HITPOINT WARNING * * *
You hit the gnoll bouda.
The gnoll bouda is lightly wounded.
You hit the gnoll bouda.
The gnoll bouda hits you with a +0 trident.
* * * LOW HITPOINT WARNING * * *
The gnoll hits you from afar with a +0 halberd.
* * * LOW HITPOINT WARNING * * *
The gnoll bouda barely misses you.
You hit the gnoll bouda.
The gnoll bouda is moderately wounded.
You barely miss the gnoll bouda.
The gnoll bouda gazes fiercely through you!
You feel as though you will be weak longer.
You block the gnoll's attack. The gnoll bouda barely misses you.
The gnoll bouda hits you with a +0 trident.
* * * LOW HITPOINT WARNING * * *
You hit the gnoll bouda.
The gnoll bouda is severely wounded.
You hit the gnoll bouda but do no damage.
The gnoll hits you from afar with a +0 halberd!
You die...

#...≈≈♣♣ ###..≈.♣ {
#..≈.♣♣ {{ #..≈..♣ ###
#..≈..♣ #... {
#..≈..♣♣ .....
#####..≈...♣♣
..$...#...'..)g.).♣♣♣#
..8...'.)))..)@.g)).∩#
..$...#)..).).g)..♣♣♣#
..... #####..≈...♣♣
#... {{ #..≈...♣ ### {
{ #..≈...♣ #..≈..♣♣ {
{ #..≈.♣♣ #..≈.♣
#...≈≈♣♣


You could see 2 gnoll boudas and a gnoll (swift).

Vanquished Creatures
  Pikel (D:5)
  6 yaks (D:5)
  Sigmund (D:4)
  A steam dragon (D:7)
  A water moccasin (D:7)
  Duvessa (D:6)
  A sky beast (D:7)
  2 ice beasts
  An orc warrior (D:6)
  A black bear (D:6)
  An ogre (D:4)
  2 wolves (Bailey)
  A centaur (D:7)
  2 lemures (D:5)
  2 phantoms (D:6)
  2 kobold brigands
  5 gnoll sergeants (Bailey)
  2 bullfrogs
  4 scorpions
  Dowan (D:6)
  5 wights
  A howler monkey (D:7)
  2 orc priests
  3 bombardier beetles
  2 gnoll boudas (Bailey)
  5 hounds
  2 sleepcaps (D:7)
  An iguana (D:5)
  6 orc wizards
  5 gnolls (Bailey)
  2 river rats (D:4)
  5 adders
  2 ufetubi (D:6)
  2 ribbon worms
  A dart slug (D:2)
  19 orcs
  7 endoplasms
  A giant cockroach (D:4)
  8 goblins
  4 hobgoblins
  32 kobolds
  2 quokkas
  6 ball pythons
  5 bats
  4 frilled lizards
  7 rats
177 creatures vanquished.

Notes
Turn   | Place    | Note
-------+----------+-------------------------------------------
     0 | D:1      | Bobbunny the Formicid Fighter began the quest for the Orb.
     0 | D:1      | Reached XP level 1. HP: 18/18 MP: 1/1
   170 | D:1      | Reached skill level 1 in Stealth
   170 | D:1      | Reached XP level 2. HP: 18/24 MP: 2/2
   913 | D:2      | Reached XP level 3. HP: 30/30 MP: 3/3
  1052 | D:2      | Found a faded altar of an unknown god.
  1174 | D:2      | Found Kiucser's Weapon Emporium.
  1215 | D:2      | Reached skill level 4 in Fighting
  1215 | D:2      | Reached XP level 4. HP: 37/37 MP: 4/4
  1866 | D:3      | Identified the +3 leather armour of Lifelessness {+Blink
                  | Regen+ SInv}
  2092 | D:3      | Found Ebeanysaa's Assorted Antiques.
  2099 | D:3      | Bought 2 scrolls labelled PAGEIK LALLUTI for 58 gold pieces
  2099 | D:3      | Bought 3 scrolls labelled PAGEIK LALLUTI for 87 gold pieces
  2099 | D:3      | Bought a scroll labelled BUODUY BIUPER for 29 gold pieces
  2147 | D:4      | Found a staircase to the Ecumenical Temple.
  2155 | D:4      | Reached XP level 5. HP: 26/42 MP: 5/5
  2169 | Temple   | Entered the Ecumenical Temple
  2184 | Temple   | Became a worshipper of Warmaster Okawaru
  2291 | D:4      | Reached skill level 5 in Fighting
  2291 | D:4      | Reached XP level 6. HP: 13/51 MP: 6/6
  2312 | D:4      | Found a sparkling altar of Nemelex Xobeh.
  2386 | D:4      | Noticed Sigmund
  2393 | D:4      | Killed Sigmund
  2393 | D:4      | Reached * piety under Okawaru
  2394 | D:4      | Reached XP level 7. HP: 16/57 MP: 7/7
  2618 | D:4      | Reached skill level 6 in Fighting
  2681 | D:4      | Reached skill level 5 in Axes
  3096 | D:4      | Found Ytuh Pekesk's Weapon Emporium.
  3325 | D:4      | Reached XP level 8. HP: 65/65 MP: 8/8
  3553 | D:5      | Entered Level 5 of the Dungeon
  3609 | D:5      | Reached ** piety under Okawaru
  3621 | D:5      | Reached skill level 1 in Throwing
  3675 | D:5      | Reached skill level 7 in Fighting
  3675 | D:5      | Reached skill level 1 in Invocations
  3688 | D:5      | Noticed Pikel
  3703 | D:5      | Killed Pikel
  3852 | D:5      | Reached XP level 9. HP: 72/73 MP: 11/11
  4115 | D:5      | Reached skill level 8 in Fighting
  4117 | D:5      | Reached *** piety under Okawaru
  4131 | D:5      | Reached skill level 5 in Invocations
  4776 | D:6      | Reached **** piety under Okawaru
  4777 | D:6      | Reached skill level 5 in Throwing
  4778 | D:6      | Reached skill level 9 in Fighting
  4778 | D:6      | Reached XP level 10. HP: 76/83 MP: 11/13
  4830 | D:6      | Noticed Duvessa
  4838 | D:6      | Killed Duvessa
  4847 | D:6      | Noticed Dowan
  4861 | D:6      | Killed Dowan
  5046 | D:6      | Found a hide-covered altar of Uskayaw.
  5046 | D:6      | Found a basalt altar of Yredelemnul.
  5051 | D:6      | Found an ornate altar of the Wu Jian Council.
  5054 | D:6      | Found a blossoming altar of Fedhas.
  5056 | D:6      | Found a snail-covered altar of Cheibriados.
  5072 | D:6      | Found a radiant altar of Vehumet.
  5159 | D:6      | Found a broken altar of Ashenzari.
  5177 | D:6      | Found a white marble altar of Elyvilon.
  5350 | D:7      | Identified the +1 spear of the Present {freeze, Dex+3}
  5580 | D:7      | Identified the +3 rapier "Jelly's Undoing" {flame, Will+}
  5599 | D:7      | Reached skill level 10 in Fighting
  5696 | D:7      | Found a flagged portal.
  5736 | Bailey   | Entered a bailey
  6012 | Bailey   | Reached ***** piety under Okawaru
  6086 | Bailey   | HP: 2/86 [gnoll bouda/+0 trident (3)]
  6093 | Bailey   | Slain by a gnoll

Illustrated notes

Levels and vault maps discovered:
D:1:      lightli_arrival_windingriver, layout_basic
D:2:      layout_loops_cross, shapermc_ecumenical_altar_mp_vishouse,
          serial_shops, nicolae_shop_window_shopping, minmay_pentomino_s2
D:3:      layout_rooms, serial_shops, nicolae_shop_just_a_little_nook
D:4:      layout_gridville, mainiacjoe_overflow_boulevard,
          minmay_temple_entry_proselytizer,
          mainiacjoe_sewer_entry_somewhere_in_here_1, serial_shops,
          nicolae_shop_tiny_real_fake_doors, uniq_sigmund
D:5:      kennysheep_kobold_camp, layout_rooms, uniq_pikel
D:6:      layout_cave_pools, nicolae_ashenzari_skybound,
          overflow_temple_1_default, nicolae_overflow_hallway_of_the_gods,
          uniq_duvessa
D:7:      layout_basic, enter_bailey_5
Temple:   hellmonk_temple_forest_ring
Bailey:   bailey_polearm_gnolls_kennysheep, bailey

Skill      XL: |  1  2  3  4  5  6  7  8  9 10 |
---------------+-------------------------------+-----
Stealth        | 1 2 3 |  3.0
Fighting       | 4 5 6 7 9 10 | 10.4
Axes           | 3 4 5 6 7 9 |  9.3
Throwing       | 3 5 6 |  6.0
Invocations    | 3 5 |  5.0
Armour         | |  3.2
Shields        | |  4.0

Action                     |  1- 3 |  4- 6 |  7- 9 | 10-12 || total
---------------------------+-------+-------+-------+-------++-------
  Melee: War axe           |    78 |    76 |   211 |   205 ||   570
  Throw: Dart              |       |       |     2 |       ||     2
         Boomerang         |       |       |     1 |     3 ||     4
 Invoke: Heroism           |       |       |     2 |     1 ||     3
  Evoke: Wand              |       |       |     7 |     3 ||    10
    Use: Potion            |       |     1 |       |     4 ||     5
 Armour: Scale mail        |    61 |     9 |       |       ||    70
         Chain mail        |       |    48 |   146 |   243 ||   437
  Dodge: Dodged            |    40 |    27 |    76 |   151 ||   294
  Block: Buckler           |    21 |    17 |    47 |    76 ||   161
